 Dungeon Crawl Stone Soup version 0.21.1-1-g345015f (webtiles) character file.

12417 diana the Impaler (level 11, -1/76 HPs)
             Began as a Merfolk Gladiator on June 2, 2018.
             Was an Elder of Makhleb.
             Slain by a nine-headed hydra (3 damage)
             ... on level 12 of the Dungeon.
             The game lasted 00:31:51 (12063 turns).

diana the Impaler (Merfolk Gladiator)              Turns: 12063, Time: 00:31:51

Health: -1/76      AC:  7    Str: 16    XL:     11   Next: 93%
Magic:  14/14      EV: 22    Int:  7    God:    Makhleb [****..]
Gold:   470        SH:  0    Dex: 20    Spells: 10/10 levels left

rFire    . . .     SeeInvis .   t - +0 glaive
rCold    + + .     Gourm    .   (shield currently unavailable)
rNeg     . . .     Faith    .   p - +0 leather armour {rC+}
rPois    .         Spirit   .   c - +0 helmet
rElec    .         Reflect  .   (no cloak)
rCorr    .         Harm     .   i - +2 pair of gloves
MR       .....                  (no boots)
Stlth    +++.......             v - amulet of regeneration
HPRegen  0.62/turn              I - ring of stealth
MPRegen  0.14/turn              a - ring of protection from cold

@: no status effects
A: change form in water, swift swim, stealthy swim, agile 1, wild magic 1,
MP-powered wands
a: Minor Destruction, Lesser Servant of Makhleb, Major Destruction, Renounce
Religion


You were on level 12 of the Dungeon.
You worshipped Makhleb.
Makhleb was greatly pleased with you.
You were hungry.

You visited 2 branches of the dungeon, and saw 14 of its levels.

You collected 470 gold pieces.

Inventory:

Hand Weapons
 t - a +0 glaive (weapon)
Missiles
 F - a throwing net (quivered)
Armour
 c - a +0 helmet (worn)
 i - a +2 pair of gloves (worn)
 p - a +0 leather armour of cold resistance (worn)
Jewellery
 a - a ring of protection from cold (right hand)
 k - an uncursed ring of positive energy
 v - an amulet of regeneration (around neck)
 E - an uncursed ring of ice
 I - a ring of stealth (left hand)
Wands
 u - a wand of random effects (41)
Scrolls
 b - a scroll of enchant weapon {unknown}
 e - a scroll of random uselessness {unknown}
 h - a scroll of identify
 j - 2 scrolls of magic mapping
 l - 3 scrolls of fear
 m - 4 scrolls of remove curse
 o - 4 scrolls of amnesia
 x - a scroll of noise {unknown}
 y - a scroll of teleportation
 z - 3 scrolls of fog
 B - a scroll of acquirement {unknown}
 D - 2 scrolls of immolation
 G - a scroll of silence
 J - a scroll of enchant armour {unknown}
Potions
 d - a potion of degeneration
 n - a potion of haste
 r - a potion of flight
 s - a potion of cancellation
 w - a potion of brilliance
 A - 3 potions of might
 C - 2 potions of magic
 H - a potion of curing
Books
 q - a book of Frost

   Spells                             Type                      Level
   a - Freeze                         Ice                          1
   b - Throw Frost                    Conjuration/Ice              2
   c - Ozocubu's Armour               Charms/Ice                   3
   d - Throw Icicle                   Conjuration/Ice              4
   e - Summon Ice Beast               Ice/Summoning                4
Comestibles
 f - 8 rations
 g - a chunk of flesh


   Skills:
 + Level 3.7 Fighting
 + Level 20.4 Polearms
 - Level 2.0 Throwing
 + Level 12.0 Dodging
 * Level 4.0 Invocations


You had 10 spell levels left.
You didn't know any spells.

Dungeon Overview and Level Annotations

Branches:
Dungeon (13/15)            Temple (1/1) D:5            Lair (0/6) D:8
    Orc (0/2) D:10         Vaults (0/5) D:13

Altars:
Ashenzari
Cheibriados
Dithmenos
Elyvilon
Fedhas
Gozag
Hepliaklqana
Kikubaaqudgha
Makhleb
Nemelex Xobeh
Okawaru
Qazlal
Ru
Sif Muna
Trog
Uskayaw
Vehumet
Wu Jian
Xom
Yredelemnul
Zin
The Shining One
Beogh

Annotations:
D:10 exclusion: 2 oklob plants
D:11 Snorg, Sonja
D:13 Rupert


Innate Abilities, Weirdness & Mutations

You revert to your normal form in water.
You are very nimble and swift while swimming.
You are very stealthy in the water. (Stealth+)
You are agile. (Dex +2)
Your spells are a little harder to cast, but a little more powerful.
You expend magic power (3 MP) to strengthen your wands.


Message History

Found a stone staircase leading down and a stone staircase leading up.
There is a stone staircase leading up here.
Okay, then.
The human shouts! x2
The centaur warrior wields a shortbow.
The centaur warrior shoots an arrow.
The arrow misses you.
The arrow hits the human!
Rupert roars wildly at you.
You barely resist.
You climb upwards.
The nine-headed hydra bites you!
* * * LOW HITPOINT WARNING * * *
The nine-headed hydra completely misses you.
The nine-headed hydra bites you.
* * * LOW HITPOINT WARNING * * *
The nine-headed hydra completely misses you.
The nine-headed hydra barely misses you.
The nine-headed hydra bites you!
* * * LOW HITPOINT WARNING * * *
The nine-headed hydra barely misses you.
The nine-headed hydra bites you.
You die...

.........# #................#####
.........# ##...............# #..
.........####...............# #.#
...........##...........##### #.#
...........##...........# #.#
...........##....######## #.#
.##........##.#..# ########.#
.##.......†##+#..#######.........
.##.....###.....@................
.##.....# #.....D................
.##.....# #......................
.##.....# #......................
.##.....# #......................
.##.....# #......................
..# #.............##...#... ..#
################.###..( ..#
#.####..


You could see a nine-headed hydra.

Vanquished Creatures
  Josephine (D:12)
  Fannar (D:10)
  Erica (D:9)
  A two-headed ogre (D:11)
  The ghost of diana the Spear-Bearer, a novice MfGl (D:4)
  A cyclops (D:11)
  An ugly thing (D:12)
  Psyche (D:10)
  A centaur skeleton (D:11)
  A troll (D:10)
  A hornet (D:9)
  2 hippogriffs
  Sigmund (D:6)
  A wyvern (D:8)
  4 wraiths (D:12)
  Eustachio (D:6)
  2 hungry ghosts (D:8)
  Menkaure (D:5)
  Duvessa (D:5)
  2 ice beasts
  4 orc warriors
  2 sky beasts
  2 black bears (D:9)
  6 phantoms
  A necrophage (D:11)
  4 centaurs
  6 ogres
  A big kobold (D:9)
  Blork the orc (D:4)
  7 bullfrogs
  A wyvern zombie (D:7)
  Dowan (D:5)
  3 scorpions
  14 killer bees
  7 howler monkeys
  6 crimson imps
  3 bullfrog zombies
  4 centaur zombies
  2 jellies
  2 quasits
  4 hounds
  7 orc priests
  An iguana (D:5)
  5 orc wizards
  3 worker ants
  Robin (D:2)
  4 gnolls (D:3)
  2 worker ant zombies
  9 adders
  2 howler monkey skeletons
  4 shadow imps
  An adder zombie (D:7)
  2 adder skeletons
  6 worms
  6 dart slugs
  5 leopard geckos
  46 orcs
  8 bats
  6 giant cockroaches
  12 hobgoblins
  17 jackals
  5 quokkas
  2 ball pythons
  5 frilled lizards
  13 goblins
  A jackal skeleton (D:7)
  9 kobolds
  6 rats
295 creatures vanquished.

Vanquished Creatures (others)
  3 fungi (D:8)
3 creatures vanquished.

Grand Total: 298 creatures vanquished

Notes
Turn   | Place    | Note
-------+----------+-------------------------------------------
     0 | D:1      | diana the Merfolk Gladiator began the quest for the Orb.
     0 | D:1      | Reached XP level 1. HP: 16/16 MP: 1/1
   241 | D:1      | Reached skill level 5 in Polearms
   267 | D:1      | Reached XP level 2. HP: 21/22 MP: 2/2
   656 | D:2      | Reached skill level 6 in Polearms
   656 | D:2      | Reached XP level 3. HP: 20/27 MP: 3/3
   738 | D:2      | Found a white marble altar of Elyvilon.
   766 | D:2      | Gained mutation: You are agile. (Dex +2) [potion of mutation]
   766 | D:2      | Gained mutation: You expend magic power (3 MP) to strengthen your wands. [potion of mutation]
   766 | D:2      | Gained mutation: Your spells are a little harder to cast, but a little more powerful. [potion of mutation]
   768 | D:2      | Reached skill level 7 in Polearms
   768 | D:2      | Reached XP level 4. HP: 32/33 MP: 4/4
   989 | D:2      | Noticed Robin
  1026 | D:2      | Killed Robin
  1026 | D:2      | Reached skill level 8 in Polearms
  1026 | D:2      | Reached XP level 5. HP: 28/38 MP: 5/5
  1369 | D:3      | Noticed a phantom
  1414 | D:3      | Killed a phantom
  1414 | D:3      | Reached skill level 9 in Polearms
  1506 | D:3      | Reached XP level 6. HP: 30/44 MP: 6/6
  2224 | D:3      | Reached skill level 10 in Polearms
  2818 | D:4      | Noticed Blork the orc
  2826 | D:4      | Killed Blork the orc
  2826 | D:4      | Reached XP level 7. HP: 42/50 MP: 7/7
  2845 | D:4      | Reached skill level 11 in Polearms
  3088 | D:4      | Noticed diana's ghost (novice MfGl)
  3191 | D:4      | Killed diana's ghost
  3191 | D:4      | Reached skill level 12 in Polearms
  3191 | D:4      | Reached XP level 8. HP: 32/56 MP: 8/8
  3415 | D:5      | Entered Level 5 of the Dungeon
  3474 | D:5      | Reached skill level 13 in Polearms
  4050 | D:5      | Reached skill level 14 in Polearms
  4092 | D:5      | Noticed Menkaure
  4120 | D:5      | Found a staircase to the Ecumenical Temple.
  4138 | Temple   | Entered the Ecumenical Temple
  4233 | Temple   | Became a worshipper of Makhleb the Destroyer
  4255 | D:5      | Killed Menkaure
  4390 | D:5      | Noticed Duvessa
  4391 | D:5      | Noticed Dowan
  4396 | D:5      | Killed Duvessa
  4421 | D:5      | Killed Dowan
  4421 | D:5      | Reached skill level 15 in Polearms
  4766 | D:5      | Reached XP level 9. HP: 61/61 MP: 9/9
  5179 | D:6      | Reached skill level 5 in Dodging
  5258 | D:6      | Found a shattered altar of Ashenzari.
  5299 | D:6      | Noticed Eustachio
  5400 | D:6      | Reached * piety under Makhleb
  5437 | D:6      | Killed Eustachio
  5437 | D:6      | Reached skill level 16 in Polearms
  5645 | D:6      | Noticed Sigmund
  5652 | D:6      | Killed Sigmund
  6366 | D:7      | Found a blossoming altar of Fedhas.
  6461 | D:6      | Reached XP level 10. HP: 8/67 MP: 10/10
  6470 | D:6      | HP: 3/67 [poisoned by a killer bee]
  6475 | D:6      | HP: 3/67 [poisoned by a killer bee]
  6897 | D:6      | Reached skill level 17 in Polearms
  7017 | D:7      | Reached ** piety under Makhleb
  7200 | D:7      | Found an iron altar of Okawaru.
  7203 | D:7      | Found an ancient bone altar of Kikubaaqudgha.
  7215 | D:7      | Found a radiant altar of Vehumet.
  7218 | D:7      | Found a sacrificial altar of Ru.
  7975 | D:8      | Found a bloodstained altar of Trog.
  8132 | D:8      | Found a staircase to the Lair.
  8136 | D:8      | Reached skill level 10 in Dodging
  8471 | D:9      | Noticed Erica
  8489 | D:10     | Entered Level 10 of the Dungeon
  8558 | D:10     | Found a blossoming altar of Fedhas.
  8560 | D:10     | Noticed an oklob plant
  8560 | D:10     | Noticed an oklob plant
  8639 | D:10     | Noticed Fannar
  8679 | D:10     | Killed Fannar
  8679 | D:10     | Reached skill level 18 in Polearms
  8776 | D:10     | Noticed Snorg
  8911 | D:10     | Noticed Psyche
  8951 | D:10     | Killed Psyche
  9004 | D:10     | Reached *** piety under Makhleb
  9047 | D:10     | Noticed a two-headed ogre
  9095 | D:11     | Reached XP level 11. HP: 66/72 MP: 11/11
  9219 | D:11     | Reached skill level 19 in Polearms
  9450 | D:11     | Noticed a two-headed ogre
  9522 | D:11     | Noticed a cyclops
  9542 | D:11     | Killed a two-headed ogre
 10016 | D:10     | Found a roughly hewn altar of Beogh.
 10017 | D:10     | Found a staircase to the Orcish Mines.
 10050 | D:10     | Reached **** piety under Makhleb
 10550 | D:9      | Killed Erica
 10550 | D:9      | Reached skill level 20 in Polearms
 10588 | D:9      | Paralysed by a hornet for 1 turns
 11134 | D:11     | Noticed Sonja
 11355 | D:11     | Noticed a cyclops
 11382 | D:11     | Killed a cyclops
 11382 | D:11     | Reached skill level 1 in Invocations
 11485 | D:11     | Noticed a white ugly thing
 11832 | D:12     | Noticed Josephine
 11844 | D:12     | Killed Josephine
 11935 | D:12     | Noticed a four-headed hydra
 11981 | D:12     | Noticed a green ugly thing
 12015 | D:12     | Killed a green ugly thing
 12021 | D:12     | HP: 2/76 [nine-headed hydra (11)]
 12061 | D:13     | Found a gate to the Vaults.
 12061 | D:13     | Noticed Rupert
 12061 | D:13     | Noticed an orc knight
 12061 | D:13     | Noticed a four-headed hydra
 12061 | D:13     | Noticed a centaur warrior
 12063 | D:12     | HP: 2/76 [nine-headed hydra (12)]
 12063 | D:12     | Slain by a nine-headed hydra

Skill      XL: |  1  2  3  4  5  6  7  8  9 10 11 |
---------------+----------------------------------+-----
Polearms       | 5 6 7 8 9 10 12 15 16 18 20 | 20.4
Dodging        | 8 11 12 | 12.0
Invocations    | 4 |  4.0
Fighting       | 3 |  3.7
Throwing       | |  2.0

Action                   |  1- 3 |  4- 6 |  7- 9 | 10-12 || total
-------------------------+-------+-------+-------+-------++-------
Melee: Trident           |    75 |   265 |       |       ||   340
       Glaive            |       |       |   341 |   603 ||   944
Throw: Throwing net      |       |       |     5 |     3 ||     8
Invok: Minor Destruction |       |       |       |     1 ||     1
Evoke: Wand              |       |       |       |     4 ||     4
  Use: Potion            |     3 |       |     7 |     5 ||    15
       Scroll            |       |       |       |    21 ||    21
 Stab: Sleeping          |     1 |     5 |     7 |     8 ||    21
       Distracted        |       |       |     1 |     1 ||     2
       Held in net/web   |       |       |     1 |     1 ||     2
  Eat: Chunk             |       |     6 |     3 |     7 ||    16
       Ration            |       |       |     3 |     4 ||     7
Armor: Leather armour    |    32 |    44 |   115 |    87 ||   278
Dodge: Dodged            |    72 |   123 |   429 |   492 ||  1116
